 Dungeon Crawl Stone Soup version 0.30-a0-743-gbfdf073431 (webtiles) character file.

Game seed: 2738727263468227005

11370 Bitman the Blocker (level 11, -4/100 HPs)
             Began as a Minotaur Fighter on Feb 6, 2023.
             Was an Elder of Makhleb.
             Slain by a hellwing (6 damage)
             ... summoned by a kobold demonologist
             ... on level 10 of the Dungeon.
             The game lasted 00:29:21 (11450 turns).

Bitman the Blocker (Minotaur Fighter)              Turns: 11450, Time: 00:29:22

Health: -4/100     AC: -5    Str: 25    XL:     11   Next: 48%
Magic:  14/14      EV:  8    Int:  5    God:    Makhleb [****..]
Gold:   457        SH:  6    Dex: 10    Spells: 10/10 levels left

rFire   . . .      SeeInvis .    a - +1 war axe
rCold   + . .      Faith    .    c - +0 buckler
rNeg    . . .      Spirit   .    B - +0 plate armour
rPois   .          Reflect  .    E - +0 hat
rElec   .          Harm     .    x - +0 cloak
rCorr   .          Rampage  .    D - +0 pair of gloves
Will    .....                    g - +0 pair of boots Stlth
                                 (no amulet)
HPRegen 0.36/turn                n - +4 ring of protection
MPRegen 0.14/turn                q - ring of protection from cold

@: about to teleport, spiked, corroded, studying Stealth
A: horns 2, retaliatory headbutt
a: Renounce Religion, Minor Destruction, Lesser Servant of Makhleb, Major
Destruction


You were on level 10 of the Dungeon.
You worshipped Makhleb.
Makhleb was greatly pleased with you.
You visited 1 branch of the dungeon, and saw 10 of its levels.

You collected 605 gold pieces.
You spent 148 gold pieces at shops.

Inventory:

Hand Weapons
 a - a +1 war axe (weapon)
Missiles
 p - 8 javelins (quivered)
 s - 14 poisoned darts
 y - 7 boomerangs
 z - 2 throwing nets
 A - 3 curare-tipped darts
Armour
 c - a +0 buckler (worn)
 g - a +0 pair of boots (worn)
 x - a +0 cloak (worn)
 B - a +0 plate armour (worn)
 D - a +0 pair of gloves (worn)
 E - a +0 hat (worn)
Jewellery
 n - a +4 ring of protection (left hand)
 q - a ring of protection from cold (right hand)
 r - a ring of fire
Wands
 b - a wand of flame (34)
 m - a wand of polymorph (6)
 u - a wand of mindburst (16)
 w - a wand of quicksilver (18)
Scrolls
 h - 3 scrolls of blinking
 j - a scroll of fog
 k - 3 scrolls of identify
 l - 3 scrolls of teleportation
 o - a scroll of butterflies
 t - a scroll of fear
 G - a scroll of silence {unknown}
 H - a scroll of enchant armour {unknown}
Potions
 d - a potion of might
 e - a potion of cancellation
 f - 5 potions of curing
 i - 2 potions of haste
 v - 2 potions of flight
 C - 2 potions of brilliance
 F - a potion of magic {unknown}


   Skills:
 + Level 10.2 Fighting
 + Level 9.7 Axes
 + Level 5.6 Throwing
 + Level 10.1 Armour
 - Level 5.0 Dodging
 + Level 10.2 Shields
 + Level 5.7 Invocations


You had 10 spell levels left.
You didn't know any spells.
Your spell library contained the following spells:

 Spells                   Type           Power      Damage    Failure   Level
 Beastly Appendage        Tmut           0%         N/A       100%        1
 Magic Dart               Conj           0%         1d3       100%        1
 Shock                    Conj/Air       0%         1d3       100%        1
 Slow                     Hex            0%         N/A       100%        1
 Call Imp                 Summ           0%         N/A       100%        2
 Lesser Beckoning         Tloc           0%         N/A       100%        2
 Wereblood                Tmut           0%         N/A       100%        2
 Confusing Touch          Hex            0%         N/A       100%        3
 Gell's Gravitas          Tloc           0%         N/A       100%        3
 Mephitic Cloud           Conj/Pois/Air  0%         N/A       100%        3
 Spider Form              Tmut/Pois      0%         N/A       100%        3
 Swiftness                Air            0%         N/A       100%        3
 Teleport Other           Tloc           0%         N/A       100%        3
 Vampiric Draining        Necr           0%         2d6       100%        3
 Airstrike                Air            0%         2d(0-16)  100%        4
 Animate Dead             Necr           0%         N/A       100%        4
 Haunt                    Necr/Summ      0%         N/A       100%        7
 Infestation              Necr           0%         N/A       100%        8


Dungeon Overview and Level Annotations

Branches:
Dungeon (10/15)            Temple (0/1) D:7            Lair (0/5) D:8
    Orc: D:9-12

Altars:
Ashenzari
Cheibriados
Makhleb
Qazlal
Trog
The Shining One

Shops:
D:4 [


Innate Abilities, Weirdness & Mutations

You have a pair of horns on your head.
You reflexively headbutt those who attack you in melee.


Message History

You hit the hellwing but do no damage.
The kobold demonologist hits you with a +0 dagger.
The rust devil hits you. The rust devil corrodes you!
You block the red devil's attack. The hellwing hits you.
The hellwing completely misses you.
You closely miss the rust devil.
You headbutt the rust devil, but do no damage.
The rust devil is heavily wounded.
You hit the hellwing but do no damage.
You barely miss the kobold demonologist.
The kobold demonologist hits you with a +0 dagger.
The rust devil hits you. The rust devil corrodes you!
The red devil hits you from afar with a +0 trident.
Barbed spikes become lodged in your body.
The hellwing hits you! The hellwing completely misses you.
You closely miss the rust devil.
The rust devil is heavily wounded.
You hit the hellwing but do no damage.
You hit the kobold demonologist but do no damage.
The kobold demonologist hits you with a +0 dagger!
The rust devil hits you! The rust devil corrodes you!
The red devil hits you from afar with a +0 trident!
* * * LOW HITPOINT WARNING * * *
Barbed spikes become lodged in your body.
The hellwing hits you!
* * * LOW HITPOINT WARNING * * *
The hellwing hits you.
* * * LOW HITPOINT WARNING * * *
You are too injured to fight recklessly!
Okay, then.
As you read the scroll of teleportation, it crumbles to dust.
You feel strangely unstable.
The kobold demonologist hits you with a +0 dagger.
* * * LOW HITPOINT WARNING * * *
You block the rust devil's attack.
The red devil hits you from afar with a +0 trident!
* * * LOW HITPOINT WARNING * * *
Barbed spikes become lodged in your body.
The hellwing hits you.
You die...

#.#.# #..###.### #. #.#.#
#..# #...# #. ###.#.# #..#
###.## #. .##.#.# #..#
#..### #. .##.#.# #..#
##...# #. .'....# #..#
###.####### .##.###
######..# ####..##....
.##.#.. .....44K#
#......#.... .##.#.#
######4@# #....#......
....#.#
........#####....##.....
....#.#
............#....###.###
....#.# ............'....#
#..# ....#.#
.......#....#....# ##.##
##...<# #############....##
#... #...############
#.......# ###.
#...'..........####.......#
##
#...##########....#.......#


You could see a hellwing (summoned), a rust devil (summoned), a kobold
demonologist and a red devil (summoned).

Vanquished Creatures
  A two-headed ogre (D:6)
  3 death yaks (D:7)
  Pikel (D:7)
  A necromancer (D:9)
  Joseph (D:7)
  Psyche (D:8)
  A hornet (D:8)
  A troll (D:10)
  Grinder (D:4)
  Sigmund (D:3)
  2 wraiths (D:10)
  A wyvern (D:8)
  7 yaks
  2 steam dragons
  3 water moccasins
  An ice beast (D:7)
  5 orc warriors
  3 ogres
  2 black bears
  2 centaurs
  2 lemures
  2 phantoms
  8 kobold brigands
  A necrophage (D:6)
  2 scorpions
  4 wights (D:4)
  5 howler monkeys
  2 jellies
  4 hounds
  2 orc priests
  A gnoll bouda (D:3)
  Terence (D:2)
  8 orc wizards
  3 iguanas
  2 yak simulacra (D:9)
  3 polar bear simulacra (D:9)
  2 wolf simulacra (D:9)
  29 gnolls
  4 adders
  2 shadow imps
  An ufetubus (D:5)
  2 worms
  3 dart slugs
  38 orcs
  7 ball pythons
  5 bats
  9 endoplasms
  3 giant cockroaches
  5 goblins
  4 hobgoblins
  13 jackals (D:3)
  41 kobolds
  3 quokkas
  3 frilled lizards
  5 rats
  4 river rat simulacra (D:9)
273 creatures vanquished.

Vanquished Creatures (collateral kills)
  2 death yaks (D:7)
  A lemure (D:8)
3 creatures vanquished.

Vanquished Creatures (others)
  An orc wizard (D:8)
  11 fungi
  3 plants (D:3)
15 creatures vanquished.

Grand Total: 291 creatures vanquished

Notes
Turn   | Place    | Note
-------+----------+-------------------------------------------
     0 | D:1      | Bitman the Minotaur Fighter began the quest for the Orb.
     0 | D:1      | Reached XP level 1. HP: 19/19 MP: 0/0
   165 | D:1      | Reached XP level 2. HP: 22/27 MP: 1/1
   512 | D:1      | Reached XP level 3. HP: 33/33 MP: 2/2
  1273 | D:2      | Noticed Terence
  1279 | D:2      | Killed Terence
  1280 | D:2      | Reached XP level 4. HP: 41/41 MP: 3/3
  1564 | D:3      | Noticed a scorpion
  1572 | D:3      | Killed a scorpion
  1573 | D:3      | Reached XP level 5. HP: 37/47 MP: 4/4
  1716 | D:3      | Noticed Sigmund
  1729 | D:3      | Killed Sigmund
  1730 | D:3      | Reached skill level 5 in Fighting
  1730 | D:3      | Reached skill level 5 in Armour
  1730 | D:3      | Reached skill level 5 in Shields
  1730 | D:3      | Reached XP level 6. HP: 39/56 MP: 5/5
  2011 | D:3      | Found a burning altar of Makhleb.
  2012 | D:3      | Found a glowing golden altar of the Shining One.
  2018 | D:3      | Found a broken altar of Ashenzari.
  2051 | D:3      | Became a worshipper of Makhleb the Destroyer
  2690 | D:3      | Reached skill level 5 in Axes
  2710 | D:3      | Reached XP level 7. HP: 62/62 MP: 6/6
  2766 | D:3      | Reached * piety under Makhleb
  3279 | D:4      | Noticed Grinder
  3284 | D:4      | Found Itearem's Antique Armour Emporium.
  3288 | D:4      | Paralysed by Grinder for 3 turns
  3293 | D:4      | Killed Grinder
  3297 | D:4      | Reached XP level 8. HP: 50/71 MP: 7/7
  3307 | D:4      | Bought a pair of boots for 148 gold pieces
  3998 | D:5      | Entered Level 5 of the Dungeon
  4022 | D:5      | You fall into a shaft and drop 2 floors!
  4075 | D:7      | Found a staircase to the Ecumenical Temple.
  4117 | D:7      | Noticed Joseph
  4215 | D:6      | Reached ** piety under Makhleb
  4624 | D:6      | Noticed a two-headed ogre
  4636 | D:6      | Killed a two-headed ogre
  4637 | D:6      | Reached skill level 1 in Throwing
  4637 | D:6      | Reached skill level 1 in Invocations
  4637 | D:6      | Reached XP level 9. HP: 24/80 MP: 7/9
  5736 | D:7      | Killed Joseph
  6055 | D:5      | Found a stormy altar of Qazlal.
  6055 | D:5      | Found a snail-covered altar of Cheibriados.
  6372 | D:5      | Reached *** piety under Makhleb
  8059 | D:8      | Noticed a death yak
  8060 | D:8      | Noticed a death yak
  8060 | D:8      | Noticed a death yak
  8062 | D:8      | Noticed a death yak
  8102 | D:7      | Killed a death yak
  8103 | D:7      | Reached XP level 10. HP: 47/90 MP: 11/11
  8259 | D:7      | HP: 3/90 [death yak (16)]
  8282 | D:7      | Killed a death yak
  8451 | D:7      | Killed a death yak
  8460 | D:8      | Noticed a death yak
  8477 | D:7      | Killed a death yak
  8570 | D:7      | Killed a death yak
  8571 | D:7      | Reached skill level 5 in Dodging
  8729 | D:8      | Found a staircase to the Lair.
  8945 | D:8      | Noticed Pikel
  8978 | D:7      | Killed Pikel
  8992 | D:8      | Noticed Psyche
  9047 | D:8      | Killed Psyche
  9048 | D:8      | Reached XP level 11. HP: 91/96 MP: 13/13
  9264 | D:8      | Reached skill level 5 in Throwing
  9270 | D:8      | Reached skill level 5 in Invocations
  9812 | D:9      | Paralysed by a hornet for 3 turns
  9823 | D:8      | Paralysed by a hornet for 2 turns
 10153 | D:9      | Noticed a necromancer
 10155 | D:9      | Reached **** piety under Makhleb
 10161 | D:9      | Killed a necromancer
 10614 | D:9      | Found a bloodstained altar of Trog.
 10937 | D:9      | Reached skill level 10 in Fighting
 10937 | D:9      | Reached skill level 10 in Shields
 10986 | D:10     | Entered Level 10 of the Dungeon
 11262 | D:10     | Reached skill level 10 in Armour
 11450 | D:10     | HP: 2/100 [red devil/+0 trident[a kobold demonologist]
                  | (10)]
 11450 | D:10     | Slain by a hellwing

Illustrated notes

Levels and vault maps discovered:
D:1:      minmay_arrival_four_circles, layout_basic
D:2:      layout_loops_corners, uniq_terence
D:3:      lemuel_castle_with_subvaults [lemuel_castle_interior_carwin_1],
          layout_loops_corners, minitemple, uniq_sigmund
D:4:      layout_basic, serial_shops, nicolae_shop_advertising_works
          [nicolae_subvault_shop_adworks], hangedman_abyss_or_decor_stagger,
          chequers_serial_rivers_small_3, minmay_box_of_dots, uniq_grinder
D:5:      layout_basic, nicolae_overflow_two_pavilions
D:6:      layout_loops_ring, serial_aquarium, aquarium_bridge_island_small
          [aquarium_subvault_small_open, aquarium_subvault_bridge,
          aquarium_subvault_bridge, aquarium_subvault_bridge,
          aquarium_subvault_window], aquarium_bridge_straight
          [aquarium_subvault_bridge, aquarium_subvault_wall,
          aquarium_subvault_bridge, aquarium_subvault_window],
          aquarium_window_1, aquarium_window_corner, aquarium_view_2d,
          aquarium_view_2d, aquarium_balcony_3a
D:7:      layout_layer_cave, minmay_temple_entry_butterflies,
          nicolae_ossuary_entry_false_entrances, uniq_joseph
D:8:      layout_basic, dpeg_lair_monsters, serial_corexii_hall,
          corexii_hall_statues_l, chequers_hall_statues_corner_a, uniq_pikel,
          uniq_psyche
D:9:      layout_cave_pools, trog_antimagical, eino_house_with_fridge
D:10:     layout_basic

Skill      XL: |  1  2  3  4  5  6  7  8  9 10 11 |
---------------+----------------------------------+-----
Armour         | 4 5 6 7 8 9 10 | 10.1
Fighting       | 4 5 6 7 8 9 10 | 10.2
Shields        | 4 5 6 7 8 9 10 | 10.2
Axes           | 3 4 5 6 7 8 9 |  9.7
Throwing       | 1 3 4 5 |  5.6
Dodging        | 2 4 5 |  5.0
Invocations    | 1 3 4 5 |  5.7

Action                     |  1- 3 |  4- 6 |  7- 9 | 10-12 || total
---------------------------+-------+-------+-------+-------++-------
  Melee: War axe           |    73 |    85 |   280 |   293 ||   731
         Headbutt          |    10 |    14 |    55 |    66 ||   145
  Throw: Javelin           |       |       |     2 |       ||     2
 Invoke: Lesser Servant of |       |       |     1 |     5 ||     6
         Minor Destruction |       |       |     1 |     2 ||     3
         Major Destruction |       |       |       |     1 ||     1
    Use: Scroll            |       |       |    16 |     1 ||    17
         Potion            |       |       |     9 |     6 ||    15
 Armour: Scale mail        |    29 |    55 |    80 |       ||   164
         Plate armour      |       |       |    54 |   192 ||   246
  Dodge: Dodged            |    32 |    57 |   129 |   113 ||   331
  Block: Buckler           |    25 |    25 |    93 |    82 ||   225

Table legend: (Time is in decaauts)
 A = Elapsed time spent in this place.
 B = Non-inter-level travel time spent in this place.
 C = Inter-level travel time spent in this place.
 D = Time resting spent in this place.
 E = Time spent auto-exploring this place.
 F = Levels seen in this place.
 G = Mean time per level.
                   A        B        C        D        E       F      G
               +--------+--------+--------+--------+--------+-----+--------+
         Total |  11586 |  11252 |    334 |   2120 |   6990 |  10 | 1158.6 |
       Dungeon |  11586 |  11252 |    334 |   2120 |   6990 |  10 | 1158.6 |
               +--------+--------+--------+--------+--------+-----+--------+

Top non-repeatable levels by time:
     D:7: 2484 daAuts
     D:3: 1620 daAuts
     D:8: 1526 daAuts
     D:6: 1360 daAuts
     D:4: 943 daAuts
     D:5: 899 daAuts
     D:1: 795 daAuts
     D:9: 756 daAuts
     D:2: 732 daAuts
    D:10: 466 daAuts
